 Dungeon Crawl Stone Soup version 0.31-a0-214-gb37851dbb3 (webtiles) character file.

Game seed: 889218391528534413

123 2FriedEggs the Grave Robber (level 4, 11/30 HPs)
             Began as a Mummy Necromancer on July 1, 2023.
             Was a Follower of Jiyva.
             Quit the game on level 3 of the Dungeon.
             The game lasted 00:06:14 (2687 turns).

2FriedEggs the Grave Robber (Mummy Necromancer)     Turns: 2687, Time: 00:06:15

Health: 11/30      AC: 10    Str: 11    XL:     4   Next: 79%
Magic:  9/10       EV: 12    Int: 16    God:    Jiyva [*.....]
Gold:   125        SH:  0    Dex: 12    Spells: 7/11 levels left

rFire   x . .        d - +2 dagger (protect)
rCold   + . .        (no shield)
rNeg    + + +        a - +0 robe
rPois   ∞            g - +0 helmet
rElec   .            (no cloak)
rCorr   .            (no gloves)
SInv    .            (no boots)
Will    .....        (no amulet)
Stlth   ++           (no ring)
HPRegen 1.05/turn    (no ring)
MPRegen 0.37/turn

%: faith
@: under a protective aura
A: cold resistance 1, negative energy resistance 3, torment resistance 2, heat
vulnerability 1, in touch with death 1, no potions, faith
a: Renounce Religion


You were on level 3 of the Dungeon.
You worshipped Jiyva.
Jiyva was aware of your devotion.
You visited 1 branch of the dungeon, and saw 3 of its levels.

You collected 125 gold pieces.

Inventory:

Hand Weapons
 b - a +0 dagger
 d - a +2 dagger of protection (weapon)
Armour
 a - a +0 robe (worn)
 g - a +0 helmet (worn)
Scrolls
 c - 2 scrolls of enchant weapon {unknown}
 e - a scroll of teleportation {unknown}
 f - a scroll of noise {unknown}
 h - a scroll of identify {unknown}


   Skills:
 - Level 1.5 Dodging
 - Level 1.5 Stealth
 + Level 4.2 Spellcasting
 * Level 5.5 Necromancy


You had 7 spell levels left.
You knew the following spells:

 Your Spells              Type           Power      Damage    Failure   Level
a - Necrotise             Necr           100%       1d9       1%          1
b - Vampiric Draining     Necr           31%        2d8       4%          3

Your spell library contained the following spells:

 Spells                   Type           Power      Damage    Failure   Level
 Cigotuvi's Dreadful Rot  Necr/Pois/Air  26%        N/A       12%         2
 Animate Dead             Necr           31%        N/A       17%         4
 Agony                    Necr           31%        N/A       43%         5
 Ignite Poison            Fire/Tmut/Pois 3%         N/A       45%         3
 Portal Projectile        Hex/Tloc       6%         N/A       45%         3
 Tukima's Dance           Hex            3%         N/A       45%         3
 Freezing Cloud           Conj/Ice/Air   1%         6-21      99%         5
 Blade Hands              Tmut           Unusable   N/A       N/A         5

Dungeon Overview and Level Annotations

Branches:
Dungeon (3/15)

Altars:
Nemelex Xobeh
Yredelemnul
Jiyva


Innate Abilities, Weirdness & Mutations

You are immune to poison.
Your flesh is cold resistant. (rC+)
You are immune to negative energy. (rN+++)
You are immune to unholy pain and torment.
You are vulnerable to heat. (rF-)
You are in touch with the powers of death.
You do not drink.
You have a special connection with the divine. (Faith)


Message History

Your ball python skeleton crumbles into dust!
The adder misses you. The orc barely misses you.
You hit the adder but do no damage.
The adder is severely wounded.
The orc completely misses you. The adder barely misses you. The orc misses you.
The adder bites you but does no damage.
You hit the adder but do no damage.
The adder is severely wounded.
The orc hits you with a +0 whip. The adder closely misses you.
You closely miss the adder.
The adder is severely wounded.
The orc hits you but does no damage. The adder barely misses you.
The orc hits you with a +0 whip.
You closely miss the adder.
The adder is severely wounded.
The adder barely misses you. The orc hits you but does no damage.
You barely miss the adder.
The adder is severely wounded.
The adder bites you but does no damage. The orc closely misses you.
The adder closely misses you. The orc hits you with a +0 whip.
You miss the adder.
The adder is severely wounded.
The orc hits you with a +0 whip. The adder bites you.
* * * LOW HITPOINT WARNING * * *
You hit the adder.
Your weapon exudes an aura of protection.
You kill the adder!
The orc misses you. The orc closely misses you.
Casting: Necrotise (safe; 1% risk of failure)
Confirm with . or Enter, or press ? or * to list all spells.
Aiming: Necrotise (safe; 1% risk of failure)
Press: ? - help, Shift-Dir - straight line, f - orc
Aim: an orc, wielding a +0 whip and wearing a +0 leather armour (lightly wounded, berserk, chance to affect: 93%)
You feel a surge of power!
The orc writhes in agony!
You kill the orc!
The dead are walking!
Welcome back, 2FriedEggs the Mummy Necromancer.
Long live the new flesh!
Press ? for a list of commands and other information.
Are you sure you want to abandon this character and quit the game? (Confirm with "yes".)

#...# #...........# #
############.######### #
............... .. #
########....#.######.###
#....?..................
#..PP..Z.......P..P.....
...♣♣♣...♣♣♣..P♣♣♣..P♣♣♣
# ♣.)P♣ ..P♣ ♣.. ♣ ♣.@.♣
...♣♣♣...♣♣♣
#.P......P.............P
#.......................
#.....P.....P.. .P..P.P.
#..♣♣♣...♣♣♣..P ♣♣...♣♣♣
#.. ♣...♣ ..P ♣..P ♣ #.
♣..P♣ .. ♣...♣♣♣ .P..P
...


PPP. . .... You could see a friendly orc skeleton.

Vanquished Creatures
  5 adders
  A worm (D:2)
  2 dart slugs (D:1)
  7 orcs (D:3)
  9 ball pythons
  A bat (D:1)
  5 endoplasms
  4 giant cockroaches
  4 goblins
  4 hobgoblins (D:2)
  6 jackals
  2 quokkas
  2 frilled lizards
  3 kobolds
  2 rats
57 creatures vanquished.

Vanquished Creatures (collateral kills)
  A goblin (D:1)
1 creature vanquished.

Grand Total: 58 creatures vanquished

Notes
Turn   | Place    | Note
-------+----------+-------------------------------------------
     0 | D:1      | 2FriedEggs the Mummy Necromancer began the quest for the
                  | Orb.
     0 | D:1      | Reached XP level 1. HP: 13/13 MP: 4/4
   266 | D:1      | Reached XP level 2. HP: 19/19 MP: 3/6
   913 | D:2      | Gained mutation: You are in touch with the powers of death.
                  | [Mummy growth]
   913 | D:2      | Reached XP level 3. HP: 21/24 MP: 3/7
   917 | D:2      | Learned a level 3 spell: Vampiric Draining
  1510 | D:2      | Reached skill level 5 in Necromancy
  1861 | D:2      | Reached XP level 4. HP: 30/30 MP: 5/9
  2322 | D:3      | Found a basalt altar of Yredelemnul.
  2326 | D:3      | Found a sparkling altar of Nemelex Xobeh.
  2543 | D:3      | Found a faded altar of an unknown god.
  2555 | D:3      | Prayed at the altar of an unknown god.
  2555 | D:3      | Became a worshipper of Jiyva Juaxyefi the Shapeless
  2555 | D:3      | Reached * piety under Jiyva
  2687 | D:3      | Quit the game

Illustrated notes

Levels and vault maps discovered:
D:1:      minmay_arrival_split_and_join, layout_basic, serial_bayou_pond_a
D:2:      layout_loops_corners
D:3:      layout_basic, grunt_temple_overflow_open, mainiacjoe_overflow_catwalk,
          shapermc_ecumenical_altar_starsandcircs, kennysheep_boxes, uniq_ijyb

Skill      XL: |  1  2  3  4 |
---------------+-------------+-----
Spellcasting   | 3 4 |  4.2
Necromancy     | 5 |  5.5
Dodging        | |  1.5
Stealth        | |  1.5

Action                     |  1- 3 |  4- 6 || total
---------------------------+-------+-------++-------
  Melee: Dagger            |    13 |    34 ||    47
         Unarmed           |     1 |       ||     1
         Punch             |       |     1 ||     1
   Cast: Necrotise         |    69 |    25 ||    94
 Armour: Robe              |     5 |    13 ||    18
  Dodge: Dodged            |    20 |    27 ||    47

Table legend: (Time is in decaauts)
 A = Elapsed time spent in this place.
 B = Non-inter-level travel time spent in this place.
 C = Inter-level travel time spent in this place.
 D = Time resting spent in this place.
 E = Time spent auto-exploring this place.
 F = Levels seen in this place.
 G = Mean time per level.
                   A        B        C        D        E       F      G
               +--------+--------+--------+--------+--------+-----+--------+
         Total |   2686 |   2630 |     56 |     56 |   2198 |   3 |  895.3 |
       Dungeon |   2686 |   2630 |     56 |     56 |   2198 |   3 |  895.3 |
               +--------+--------+--------+--------+--------+-----+--------+

Top non-repeatable levels by time:
     D:2: 1164 daAuts
     D:1: 899 daAuts
     D:3: 622 daAuts
